 Dungeon Crawl Stone Soup version 0.28-a0-445-g51f8dfeb47 (webtiles) character file.

Game seed: 1930542584825459750

4776 Conn the Firebug (level 10, -1/60 HPs)
             Began as an Octopode Fire Elementalist on Sept 11, 2021.
             Was a Believer of Sif Muna.
             Slain by a hornet (3 damage)
             ... while paralysed by a hornet
             ... on level 8 of the Dungeon on Sept 12, 2021.
             The game lasted 00:22:11 (10161 turns).

Conn the Firebug (Octopode Fire Elementalist)      Turns: 10161, Time: 00:22:12

Health: -1/60      AC:  1    Str: 14    XL:     10   Next: 47%
Magic:  10/20      EV:  2    Int: 21    God:    Sif Muna [**....]
Gold:   278        SH:  0    Dex: 12    Spells: 3/22 levels left

rFire   + . .      SeeInvis .   a - +0 dagger (elec)
rCold   . . .      Faith    .   (no shield)
rNeg    + . .      Spirit   .   (helmet restricted)
rPois   .          Reflect  .   (no amulet)
rElec   .          Harm     .   m - ring of positive energy
rCorr   .          Rampage  .   v - ring of flight
Will    .....                   x - ring of protection from fire
Stlth   ++++......              y - +6 ring of strength
HPRegen 0.20/turn               (no ring)
MPRegen 0.17/turn               (no ring)
                                (no ring)
                                (no ring)

@: paralysed, lethally poisoned (-1 -> -7), flying, very slightly contaminated
A: almost no armour, amphibious, 8 rings, camouflage 1, gelatinous body 1,
(nimble swimmer 1), tentacles
a: Renounce Religion, Channel Magic


You were on level 8 of the Dungeon.
You worshipped Sif Muna.
Sif Muna was pleased with you.
You visited 2 branches of the dungeon, and saw 9 of its levels.
You also visited: Sewer.

You collected 278 gold pieces.

Inventory:

Hand Weapons
 a - a +0 dagger of electrocution (weapon)
 b - a +2 hunting sling of flaming
 d - a +0 short sword
Missiles
 i - 24 poisoned darts (quivered)
 k - 16 sling bullets
Jewellery
 m - a ring of positive energy (left tentacle)
 o - a ring of ice
 v - a ring of flight (right tentacle)
 x - a ring of protection from fire (on tentacle)
 y - a +6 ring of strength (on tentacle)
Wands
 t - a wand of mindburst (9)
Scrolls
 c - a scroll of acquirement {unknown}
 e - 3 scrolls of teleportation {unknown}
 f - 4 scrolls of identify {unknown}
 h - a scroll of enchant weapon {unknown}
 l - 2 scrolls of noise {unknown}
 n - 2 scrolls of blinking {unknown}
 B - 2 scrolls of magic mapping {unknown}
 D - 2 scrolls of enchant armour {unknown}
Potions
 g - a potion of flight {unknown}
 p - 2 potions of resistance {unknown}
 q - a potion of mutation {unknown}
 r - a potion of heal wounds
 s - a potion of degeneration {unknown}
 u - a potion of might {unknown}
 z - 2 potions of magic {unknown}
 A - a potion of cancellation {unknown}
 C - 3 potions of curing
Miscellaneous
 j - a phantom mirror


   Skills:
 + Level 2.1 Fighting
 + Level 1.1 Short Blades
 + Level 3.3 Dodging
 + Level 6.6 Stealth
 + Level 0.7 Unarmed Combat
 + Level 6.7 Spellcasting
 * Level 7.0 Conjurations
 + Level 3.0 Hexes
 * Level 2.3 Translocations
 + Level 7.7 Fire Magic
 * Level 5.2 Invocations


You had 3 spell levels left.
You knew the following spells:

 Your Spells              Type           Power      Damage    Failure   Level
a - Foxfire               Conj/Fire      100%       2x1d9     1%          1
b - Conjure Flame         Conj/Fire      38%        6-21      1%          3
c - Inner Flame           Hex/Fire       29%        N/A       3%          3
d - Flame Wave            Conj/Fire      38%        3d8       4%          4
e - Scorch                Fire           78%        2d9       1%          2
f - Searing Ray           Conj           72%        2d7       1%          2
g - Iskenderun's Mystic   Conj/Tloc      26%        2d7       13%         4

Your spell library contained the following spells:

 Spells                   Type           Power      Damage    Failure   Level
 Magic Dart               Conj           100%       1d8       1%          1
 Dazzling Flash           Conj/Hex       56%        N/A       3%          3
 Sublimation of Blood     Necr           3%         N/A       14%         2
 Fulminant Prism          Conj/Hex       14%        3d9       12%         4
 Irradiate                Conj/Tmut      10%        3d17      52%         5
 Starburst                Conj/Fire      19%        6d7       56%         6
 Petrify                  Tmut/Erth      7%         N/A       65%         4


Dungeon Overview and Level Annotations

Branches:
Dungeon (8/15)             Temple (1/1) D:4           Sewer (visited)
   Lair: D:8-11

Altars:
Cheibriados
Dithmenos
Elyvilon
Fedhas
Gozag
Hepliaklqana
Nemelex Xobeh
Ru
Sif Muna
Wu Jian
Xom
Beogh

Shops:
D:3 !


Innate Abilities, Weirdness & Mutations

You cannot wear most types of armour.
You are amphibious.
You can wear up to eight rings at the same time.
Your skin changes colour to match your surroundings (Stealth+).
Your rubbery body absorbs attacks. (AC +1, EV +1)
((You are camouflaged near water. (Stealth+)))
You have tentacles for arms and can constrict up to eight enemies at once.


Message History

Casting: Inner Flame (dangerous; 3% risk of failure)
Confirm with . or Enter, or press ? or * to list all spells.
Okay, then.
Casting: Inner Flame (dangerous; 3% risk of failure)
Confirm with . or Enter, or press ? or * to list all spells.
You erupt in a blast of force!
The mystic blast hits the hornet.
The hornet is lightly wounded.
The hornet is knocked back by the mystic blast.
You hear a shout!
A centaur comes into view.
Casting: Iskenderun's Mystic Blast (dangerous; 13% risk of failure)
Confirm with . or Enter, or press ? or * to list all spells.
Okay, then.
Casting: Iskenderun's Mystic Blast (dangerous; 13% risk of failure)
Confirm with . or Enter, or press ? or * to list all spells.
Aiming: Searing Ray (safe; 1% risk of failure)
Press: ? - help, Shift-Dir - straight line, f - centaur, p - hornet
Aim: a centaur, quivering arrows (88% to hit)
The searing ray hits the hornet but does no damage.
The hornet is lightly wounded.
The searing ray hits the centaur!
The centaur is moderately wounded. (Press . to maintain the ray.)
The searing ray hits the hornet!
The hornet is moderately wounded.
The searing ray hits the centaur.
The centaur is severely wounded.
You feel less invigorated. The hornet stings you!
* * * LOW HITPOINT WARNING * * *
You are poisoned.
You suddenly lose the ability to move!
The hornet stings you.
* * * LOW HITPOINT WARNING * * *
You feel yourself slow down. The centaur hits you.
* * * LOW HITPOINT WARNING * * *
The centaur kicks you.
* * * LOW HITPOINT WARNING * * *
You feel yourself speed up.
* * * LOW HITPOINT WARNING * * *
You feel sick. The hornet stings you.
You die...

#....#.†..##
#).
#########Y#
#.. #.# #.#
#.# #.#
##.###.#
#..○#☼.#
#....##.§#
..####
#§§#######
#.@.......
##yc...:..
#........
..../....
..#######
(..# ...#
...(.


You could see a hornet and a centaur.

Vanquished Creatures
  Pikel (D:7)
  Sigmund (D:5)
  10 yaks
  A steam dragon (D:7)
  A vampire mosquito (D:6)
  A water moccasin (Sewer)
  2 black bears
  2 sky beasts (D:8)
  2 ogres (D:6)
  A centaur (D:6)
  A phantom (D:5)
  A lemure (D:7)
  A kobold brigand (D:6)
  Blork the orc (D:6)
  2 bullfrogs (D:7)
  5 scorpions
  A wyvern zombie (D:5)
  A wyvern skeleton (D:7)
  2 water moccasin skeletons
  2 howler monkeys
  3 jellies
  6 hounds
  3 orc priests (D:7)
  A bullfrog skeleton (D:6)
  3 iguanas
  Crazy Yiuf (D:2)
  Terence (D:2)
  A scorpion zombie (D:5)
  3 orc wizards
  A howler monkey zombie (D:7)
  5 adders
  4 gnolls (D:4)
  A river rat (D:3)
  A white imp (D:6)
  2 adder skeletons
  3 worms
  4 dart slugs
  15 orcs
  5 bats
  5 endoplasms
  9 giant cockroaches
  7 goblins
  6 hobgoblins
  5 jackals
  15 kobolds
  A quokka (D:5)
  8 ball pythons
  6 frilled lizards
  2 rats (D:3)
166 creatures vanquished.

Vanquished Creatures (others)
  508 foxfires
  A fungus (D:2)
509 creatures vanquished.

Grand Total: 675 creatures vanquished

Notes
Turn   | Place    | Note
-------+----------+-------------------------------------------
     0 | D:1      | Conn the Octopode Fire Elementalist began the quest for the
                  | Orb.
     0 | D:1      | Reached XP level 1. HP: 11/11 MP: 3/3
    89 | D:1      | Found a faded altar of an unknown god.
   174 | D:1      | Reached XP level 2. HP: 17/17 MP: 0/5
   516 | D:1      | Reached XP level 3. HP: 19/21 MP: 0/6
  1270 | D:2      | Reached XP level 4. HP: 27/27 MP: 4/8
  1438 | D:2      | Noticed Terence
  1482 | D:2      | Killed Terence
  1822 | D:2      | Found a runed translucent door.
  1823 | D:2      | Noticed Crazy Yiuf
  1839 | D:2      | Killed Crazy Yiuf
  1840 | D:2      | Reached XP level 5. HP: 31/31 MP: 5/9
  2112 | D:2      | Learned a level 3 spell: Conjure Flame
  2116 | D:2      | Learned a level 3 spell: Inner Flame
  2270 | D:3      | Found a glowing drain.
  2414 | Sewer    | Entered a sewer
  2564 | Sewer    | Noticed a water moccasin
  2572 | Sewer    | Killed a water moccasin
  2573 | Sewer    | Reached skill level 1 in Fighting
  2573 | Sewer    | Reached XP level 6. HP: 29/38 MP: 4/11
  3327 | D:3      | Found Kiniang's Distillery.
  3710 | D:4      | Found a staircase to the Ecumenical Temple.
  3737 | Temple   | Entered the Ecumenical Temple
  3847 | Temple   | Became a worshipper of Sif Muna the Loreminder
  3880 | D:4      | Noticed a black bear
  3889 | D:4      | Killed a black bear
  4019 | D:4      | Reached XP level 7. HP: 22/43 MP: 8/13
  4796 | D:4      | Reached skill level 5 in Fire Magic
  5081 | D:4      | Reached * piety under Sif Muna
  5472 | D:5      | Entered Level 5 of the Dungeon
  5478 | D:5      | Learned a level 4 spell: Flame Wave
  5481 | D:5      | Learned a level 2 spell: Scorch
  5793 | D:5      | Reached XP level 8. HP: 48/48 MP: 7/15
  5924 | D:5      | Reached skill level 5 in Spellcasting
  6157 | D:5      | Learned a level 2 spell: Searing Ray
  6557 | D:5      | Reached skill level 1 in Invocations
  6723 | D:5      | Noticed Sigmund
  6740 | D:5      | Killed Sigmund
  6969 | D:5      | Reached skill level 1 in Hexes
  7329 | D:6      | Reached skill level 5 in Stealth
  7457 | D:6      | Reached XP level 9. HP: 39/53 MP: 17/17
  7604 | D:6      | Reached skill level 5 in Conjurations
  7920 | D:6      | Reached skill level 1 in Short Blades
  7956 | D:6      | Noticed a cyclops
  7961 | D:6      | Noticed Blork the orc
  8380 | D:5      | Learned a level 4 spell: Iskenderun's Mystic Blast
  8685 | D:6      | Killed Blork the orc
  9207 | D:7      | Reached XP level 10. HP: 60/60 MP: 13/19
  9429 | D:7      | Noticed Pikel
  9436 | D:7      | Killed Pikel
  9437 | D:7      | Reached skill level 1 in Translocations
  9437 | D:7      | Reached skill level 5 in Invocations
  9780 | D:7      | Reached ** piety under Sif Muna
 10160 | D:8      | Paralysed by a hornet for 3 turns
 10161 | D:8      | HP: 2/60 [poisoned by a hornet]
 10161 | D:8      | Slain by a hornet

Illustrated notes

Levels and vault maps discovered:
D:1:      minmay_arrival_checkered_box, layout_rooms,
          shapermc_ecumenical_altar_mp_ritualfount
D:2:      layout_loops_cross, chequers_mini_garden, grunt_ministairs_1,
          uniq_terence, uniq_crazy_yiuf_cottage
D:3:      layout_loops_ring, portal_sewer_entry_b, serial_shops, shop,
          kennysheep_small_spiral
D:4:      layout_gridville, temple_fountains
D:5:      layout_basic, uniq_sigmund
D:6:      minmay_cornered_nines, layout_cave_pools, uniq_blork_the_orc
D:7:      layout_basic, david_defended_altar_orc, uniq_pikel
D:8:      layout_layer_cave, lair_entry_dummy, uniq_maggie
Temple:   roderic_octagonal_lattice_temple

Skill      XL: |  1  2  3  4  5  6  7  8  9 10 |
---------------+-------------------------------+-----
Stealth        | 3 4 5 6 |  6.6
Spellcasting   | 3 4 5 6 |  6.7
Fire Magic     | 4 5 6 7 |  7.7
Fighting       | 1 2 |  2.1
Conjurations   | 2 3 4 6 7 |  7.0
Invocations    | 2 4 5 |  5.2
Dodging        | 3 |  3.3
Hexes          | 1 2 3 |  3.0
Short Blades   | 1 |  1.1
Translocations | 2 |  2.3
Unarmed Combat | |  0.7

Action                   |  1- 3 |  4- 6 |  7- 9 | 10-12 || total
-------------------------+-------+-------+-------+-------++-------
Melee: Unarmed           |    32 |     3 |       |       ||    35
       Constrict         |     8 |     6 |     7 |     1 ||    22
       Tentacles         |     5 |     2 |     6 |     2 ||    15
       Dagger            |       |    17 |    34 |    12 ||    63
       Short sword       |       |     1 |       |       ||     1
Throw: Dart              |       |       |       |     1 ||     1
 Cast: Foxfire           |    51 |    78 |   146 |    33 ||   308
       Inner Flame       |       |       |    21 |     5 ||    26
       Flame Wave        |       |       |     5 |     2 ||     7
       Searing Ray       |       |       |     1 |     2 ||     3
       Scorch            |       |       |     1 |       ||     1
       Iskenderun's Myst |       |       |       |     1 ||     1
Invok: Channel Magic     |       |       |     1 |     1 ||     2
Evoke: Wand              |       |       |       |     1 ||     1
  Use: Potion            |       |     2 |     2 |       ||     4
 Stab: Sleeping          |       |     1 |     6 |     2 ||     9
Armor: Skin              |     3 |     4 |     1 |     1 ||     9
Dodge: Dodged            |    15 |    31 |    45 |    14 ||   105

Table legend: (Time is in decaauts)
 A = Elapsed time spent in this place.
 B = Non-inter-level travel time spent in this place.
 C = Inter-level travel time spent in this place.
 D = Time resting spent in this place.
 E = Time spent auto-exploring this place.
 F = Levels seen in this place.
 G = Mean time per level.
                   A        B        C        D        E       F      G
               +--------+--------+--------+--------+--------+-----+--------+
         Total |  10158 |  10011 |    147 |   1234 |   6829 |  10 | 1015.8 |
       Dungeon |   9735 |   9606 |    129 |   1125 |   6627 |   8 | 1216.9 |
        Temple |    128 |    110 |     18 |      0 |     77 |   1 |  128.0 |
         Sewer |    293 |    293 |      0 |    109 |    125 |   1 |  293.0 |
               +--------+--------+--------+--------+--------+-----+--------+

Top non-repeatable levels by time:
     D:5: 2348 daAuts
     D:4: 1650 daAuts
     D:2: 1261 daAuts
     D:3: 1245 daAuts
     D:7: 1140 daAuts
     D:6: 1071 daAuts
     D:1: 891 daAuts
   Sewer: 293 daAuts
  Temple: 128 daAuts
     D:8: 127 daAuts
